 Dungeon Crawl Stone Soup version 0.31.0-12-g77e489cdc1 (webtiles) character file.

Game seed: 4894644061424726487

3185 Killerpretzel the Mimic (level 9, -4/93 HPs)
             Began as an Octopode Shapeshifter on Feb 11, 2024.
             Was an Initiate of Vehumet.
             Shot with an arrow by a centaur (7 damage)
             ... on level 8 of the Dungeon.
             The game lasted 00:15:55 (8120 turns).

Killerpretzel the Mimic (Octopode Shapeshifter)     Turns: 8120, Time: 00:15:56

Health: -4/93      AC: 28    Str: 13    XL:     9   Next: 95%
Magic:  9/9        EV:  2    Int: 18    God:    Vehumet [......]
Gold:   371        SH:  5    Dex: 16    Spells: 8/8 levels left

rFire   . .          .
                       - Unarmed
rCold   . . .        j - +0 buckler
rNeg    . . .        (helmet currently unavailable)
rPois   +            (no amulet)
rElec   .            n - ring of see invisible
rCorr   .            g - +6 ring of intelligence
SInv    +            l - +4 ring of protection
Will    .....        (no ring)
Stlth   +            (no ring)
HPRegen 0.35/turn    (no ring)
MPRegen 0.11/turn    (no ring)
                     (no ring)

%: no passive effects
@: tree-form
A: stationary, stasis, torment immunity, boosted hp, almost no armour,
(amphibious), 8 rings, (camouflage 1), (gelatinous body 1), (nimble swimmer 1),
(tentacles)
a: Renounce Religion


You were on level 8 of the Dungeon.
You worshipped Vehumet.
Vehumet was noncommittal.
You were a tree.
You visited 2 branches of the dungeon, and saw 9 of its levels.

You collected 371 gold pieces.

Inventory:

Hand Weapons
 k - a +3 whip of electrocution
 o - a +0 halberd of venom
 p - a +1 dagger of chaos
Missiles
 d - a throwing net
 t - 5 boomerangs (quivered)
Armour
 j - a +0 buckler (worn)
Jewellery
 g - a +6 ring of intelligence (right branch)
 l - a +4 ring of protection (on tentacle)
 n - a ring of see invisible (left branch)
Talismans
 b - a beast talisman
 c - a flux talisman
Wands
 u - a wand of mindburst (14)
Scrolls
 f - a scroll of butterflies
 m - a scroll of enchant weapon {unknown}
 r - a scroll of revelation
 v - 2 scrolls of identify
Potions
 e - 3 potions of haste
 h - 2 potions of magic
 i - 2 potions of curing
 s - 2 potions of brilliance


   Skills:
 + Level 5.8 Fighting
 + Level 6.1 Dodging
 + Level 3.8 Shields
 + Level 6.5 Unarmed Combat
 * Level 8.1 Shapeshifting


You had 8 spell levels left.
You didn't know any spells.
Your spell library contained the following spells:

 Spells                   Type           Power      Damage    Failure   Level
 Mercury Vapours          Alch/Air       0%         N/A       41%         2
 Mephitic Cloud           Conj/Alch/Air  0%         N/A       65%         3
 Freezing Cloud           Conj/Ice/Air   0%         6-21      100%        5


Dungeon Overview and Level Annotations

Branches:
Dungeon (8/15)             Temple (1/1) D:7
   Lair: D:8-11

Altars:
Ashenzari
Cheibriados
Dithmenos
Elyvilon
Fedhas
Gozag
Hepliaklqana
Kikubaaqudgha
Makhleb
Nemelex Xobeh
Okawaru
Qazlal
Ru
Sif Muna
Trog
Uskayaw
Vehumet
Wu Jian
Xom
Yredelemnul
Zin
The Shining One

Shops:
D:7 =


Innate Abilities, Weirdness & Mutations

You are a tree.
Your roots penetrate the ground, keeping you stationary.
You cannot be teleported.
You are immune to unholy pain and torment.
Your maximum health is greatly increased.
You cannot wear most types of armour.
((You are amphibious.))
You can wear up to eight rings at the same time.
((Your skin changes colour to match your surroundings (Stealth+).))
((Your rubbery body absorbs attacks. (AC +1, EV +1)))
((You are camouflaged when in or above water. (Stealth+)))
((You have tentacles for arms and can constrict up to eight enemies at once.))


Message History

No target in view!
No target in view!
No target in view!
No target in view!
No target in view!
No target in view!
No target in view!
No target in view!
No target in view!
You now have 371 gold pieces (gained 14).
A gnoll is nearby!
The centaur shouts!
You hear a shout!
The gnoll misses you. The gnoll hits you with a +0 halberd!
The wyvern hisses angrily.
You bludgeon the gnoll! You grab the gnoll. You squeeze the gnoll.
The gnoll is severely wounded.
You constrict the gnoll. The gnoll barely misses you.
You bludgeon the gnoll!
You kill the gnoll!
Vehumet accepts your kill.
The centaur wields a +0 shortbow.
The centaur shoots an arrow.
The arrow hits you!
You closely miss the wyvern. The wyvern bites you!
The centaur shoots an arrow.
You block the arrow.
You bludgeon the wyvern! Your squeeze misses the wyvern.
The wyvern is moderately wounded.
You block the wyvern's attack.
The centaur shoots an arrow.
The arrow hits you.
You tentacle-slap the wyvern.
Your tentacle-slap misses the wyvern.
You squeeze the wyvern!
The wyvern is severely wounded.
The wyvern bites you!
* * * LOW HITPOINT WARNING * * *
The centaur shoots an arrow.
The arrow closely misses you. The wyvern barely misses you.
The centaur shoots an arrow.
The arrow hits you.
* * * LOW HITPOINT WARNING * * *
Your transformation has ended.
You turn into a tree.
Your roots penetrate the ground.
You block the wyvern's attack.
The centaur shoots an arrow.
The arrow hits you!
You die...

###....## ######
##.......####....###
#............).....#
#.......####......#
#......####.......#
##...### #.........
#..## ##..<......
#.## #.........#
#####♣.##
##........#
#.<.k...# #........#
#....c.#..#
##......##
#.........#...#
###...##
#....g..........#
#####
#.............##..
..............# #.
.............##
.............#


You could see a wyvern, a centaur and a gnoll.

Vanquished Creatures
  Sigmund (D:3)
  A steam dragon (D:7)
  2 water moccasins (D:6)
  2 ice beasts
  4 black bears
  An orc warrior (D:6)
  2 sky beasts
  3 ogres
  A centaur (D:6)
  A kobold brigand (D:6)
  3 scorpions
  4 wights (D:6)
  3 killer bees (D:7)
  4 crimson imps (D:6)
  2 bombardier beetles
  2 orc priests
  A gnoll bouda (D:6)
  A hound (D:5)
  A sleepcap (D:6)
  Jessica (D:2)
  6 iguanas
  Natasha (twice) (D:2)
  5 orc wizards
  Robin (D:2)
  11 gnolls
  3 adders
  A white imp (D:7)
  A dart slug (D:5)
  A ribbon worm (D:2)
  34 orcs
  8 ball pythons
  8 endoplasms
  2 giant cockroaches
  10 goblins
  6 hobgoblins
  2 jackals (D:2)
  9 kobolds
  5 quokkas
  3 bats
  3 frilled lizards
  8 rats
169 creatures vanquished.

Notes
Turn   | Place    | Note
-------+----------+-------------------------------------------
     0 | D:1      | Killerpretzel the Octopode Shapeshifter began the quest for
                  | the Orb.
     0 | D:1      | Reached XP level 1. HP: 13/13 MP: 1/1
   167 | D:1      | Reached XP level 2. HP: 14/18 MP: 2/2
  1050 | D:2      | Found an iron altar of Okawaru.
  1108 | D:2      | Reached XP level 3. HP: 23/23 MP: 3/3
  1193 | D:2      | Noticed Natasha
  1200 | D:2      | Killed Natasha
  1322 | D:2      | Reached XP level 4. HP: 16/29 MP: 4/4
  1465 | D:2      | Noticed Jessica
  1471 | D:2      | Killed Jessica
  1777 | D:2      | Noticed Robin
  1782 | D:2      | Killed Robin
  1783 | D:2      | Reached skill level 4 in Shapeshifting
  1785 | D:2      | Reached XP level 5. HP: 8/34 MP: 5/5
  2000 | D:2      | Noticed Natasha
  2007 | D:2      | Killed Natasha
  2404 | D:3      | Found an ancient bone altar of Kikubaaqudgha.
  2443 | D:3      | Found a blossoming altar of Fedhas.
  2626 | D:3      | Noticed Sigmund
  2641 | D:3      | Killed Sigmund
  2642 | D:3      | Reached XP level 6. HP: 41/41 MP: 6/6
  3557 | D:4      | Noticed a black bear
  3562 | D:4      | Killed a black bear
  3563 | D:4      | Reached skill level 5 in Shapeshifting
  3563 | D:4      | Reached XP level 7. HP: 46/46 MP: 7/7
  4281 | D:5      | Entered Level 5 of the Dungeon
  4615 | D:5      | Reached XP level 8. HP: 54/54 MP: 8/8
  4625 | D:5      | Reached skill level 5 in Unarmed Combat
  4706 | D:5      | Reached skill level 6 in Shapeshifting
  4986 | D:5      | Reached skill level 1 in Shields
  5128 | D:5      | Found a snail-covered altar of Cheibriados.
  6015 | D:6      | Reached skill level 5 in Dodging
  6066 | D:6      | Reached XP level 9. HP: 59/59 MP: 9/9
  6156 | D:6      | Reached skill level 7 in Shapeshifting
  6250 | D:6      | Reached skill level 5 in Fighting
  6672 | D:6      | Found a shimmering altar of Xom.
  7184 | D:7      | HP: 1/61 [steam dragon (4)]
  7438 | D:7      | Found a staircase to the Ecumenical Temple.
  7447 | Temple   | Entered the Ecumenical Temple
  7462 | Temple   | Became a worshipper of Vehumet
  7521 | D:7      | Reached skill level 8 in Shapeshifting
  7562 | D:7      | Found Qaburr's Jewellery Shop.
  8119 | D:8      | HP: 2/62 [centaur/arrow (6)]
  8120 | D:8      | Shot with an arrow by a centaur

Illustrated notes

Levels and vault maps discovered:
D:1:      dpeg_arrival_lava_temple_mockup, layout_loops_ring
D:2:      minmay_skewed_foursquare, layout_loops_corners, basic_altar,
          ebering_dispersal_statue_hall, uniq_jessica, uniq_natasha, uniq_robin
D:3:      layout_loops_corners, grunt_temple_overflow_growth_and_decay,
          amethyst_killhole, minivault_4, uniq_sigmund
D:4:      layout_basic
D:5:      layout_cave_pods, mainiacjoe_overflow_catwalk
D:6:      layout_loops_ring, led_xom_imps
D:7:      layout_cave_pools, minmay_temple_entry_glassed_door, serial_shops,
          shop
D:8:      layout_cave_pods, erik_lair_island, serial_shops,
          nicolae_shop_temple_entry_statues_fountains, minmay_splitting_lines,
          uniq_joseph, uniq_pikel
Temple:   eino_narrow_crystal_temple

Skill      XL: |  1  2  3  4  5  6  7  8  9 |
---------------+----------------------------+-----
Fighting       | 2 3 4 5 |  5.8
Shapeshifting  | 4 5 6 8 |  8.1
Dodging        | 3 4 5 6 |  6.1
Unarmed Combat | 4 5 6 |  6.5
Shields        | 2 3 |  3.8

Action                     |  1- 3 |  4- 6 |  7- 9 || total
---------------------------+-------+-------+-------++-------
  Melee: Unarmed           |    38 |   111 |   279 ||   428
         Tentacles         |     9 |    15 |    70 ||    94
         Constrict         |    10 |    24 |    59 ||    93
         Punch             |       |     7 |    20 ||    27
    Use: Scroll            |       |     5 |    10 ||    15
         Potion            |       |     1 |     4 ||     5
   Stab: Sleeping          |     5 |     7 |     3 ||    15
         Distracted        |       |     3 |       ||     3
 Armour: Skin              |    15 |    46 |   140 ||   201
  Dodge: Dodged            |    15 |    48 |   162 ||   225
  Block: Buckler           |       |    12 |    52 ||    64
